AoeStats
← Avalentino

Black Forest

508671032Analyzed
2v2 RM · 8d ago on Sep 23, 2026· 47m 37s· 4 players
Game mode
Random Map
Map size
Medium (4 player)
Population
200
Speed
Normal
Resources
Standard
Victory
Conquest
Starting age
Dark Age
Ending age
Imperial Age
RankedLock teamsTeams togetherTeam positionsShared explorationLock speedFull tech treeHidden civsTurbo modeCheats
Victory
Defeat
🇪🇸 Byzantines · Spain
1058
+15
🇪🇸 Hindustanis · Spain
1058
+15
🇲🇴 Aztecs · Macao SAR China
1056
-16
🇲🇴 Portuguese · Macao SAR China
1004
-14
King_Cyrus
0:26 Loom
11:19 Feudal Age
12:55 Wheelbarrow
12:07 Double-Bit Axe
12:03 Horse Collar
12:52 Gold Mining
12:55 Stone Mining
19:49 Castle Age
24:08 Hand Cart
24:46 Bow Saw
25:12 Caravan
27:05 Gold Shaft Mining
26:50 Heavy Plow
28:53 Stone Shaft Mining
29:36 Coinage
32:49 Imperial Age
30:07 Town Watch
31:05 Forging
30:55 Scale Mail Armor
32:40 Iron Casting
31:36 Man-at-Arms
32:02 Gambesons
32:17 Squires
32:03 Arson
32:18 Long Swordsman
32:20 Pikeman
34:58 Garland Wars
34:00 Capped Ram
34:21 Two-Handed Swordsman
37:12 Blast Furnace
36:27 Chain Mail Armor
36:06 Siege Ram
37:17 Champion
43:15 Conscription
Avalentino
1:01 Loom
12:42 Feudal Age
14:10 Town Watch
14:46 Town Watch
17:59 Castle Age
18:11 Wheelbarrow
22:07 Horse Collar
23:38 Double-Bit Axe
26:44 Fervor
27:01 Caravan
27:28 Pikeman
30:57 Bow Saw
30:49 Heavy Plow
34:13 Imperial Age
31:48 Stone Mining
31:52 Gold Mining
32:35 Coinage
34:03 Hand Cart
34:30 Circumnavigation
34:54 Ballistics
34:15 Treadmill Crane
34:56 Forging
34:47 Scale Mail Armor
34:54 Scale Barding Armor
36:24 Chemistry
37:17 Chain Mail Armor
37:37 Iron Casting
37:56 Banking
37:40 Guilds
38:31 Crop Rotation
39:04 Two-Man Saw
38:44 Conscription
39:13 Plate Mail Armor
38:10 Light Cavalry
39:01 Bloodlines
38:51 Husbandry
38:22 Cavalier
40:11 Chain Barding Armor
42:11 Plate Barding Armor
41:38 Elite Organ Gun
42:19 Circumnavigation
42:20 Halberdier
42:46 Gambesons
42:47 Arson
45:32 Blast Furnace
44:23 Fletching
44:33 Padded Archer Armor
45:04 Arquebus
46:13 Sappers
46:52 Siege Engineers
46:57 Masonry
46:43 Murder Holes
salan
0:58 Loom
13:00 Feudal Age
14:16 Double-Bit Axe
14:13 Horse Collar
15:55 Wheelbarrow
19:03 Castle Age
17:46 Gold Mining
18:27 Stone Mining
22:27 Bow Saw
29:24 Fortified Wall
29:31 Heavy Plow
32:38 Imperial Age
30:38 Scale Barding Armor
31:26 Caravan
32:24 Chain Barding Armor
32:15 Forging
33:24 Gold Shaft Mining
33:25 Stone Shaft Mining
33:16 Ballistics
32:37 Treadmill Crane
33:17 Hand Cart
35:06 Plate Barding Armor
35:06 Iron Casting
35:43 Chemistry
35:15 Crop Rotation
35:48 Two-Man Saw
36:47 Conscription
36:44 Logistica
37:34 Husbandry
37:59 Fletching
37:48 Elite Cataphract
39:01 Conscription
41:36 Bombard Tower
41:48 Bodkin Arrow
42:31 Hoardings
42:01 Greek Fire
45:04 Guard Tower
44:59 Arrowslits
45:10 Murder Holes
45:25 Bracer
Veyron
0:26 Loom
11:05 Feudal Age
11:34 Double-Bit Axe
19:21 Castle Age
18:03 Stone Mining
18:04 Horse Collar
18:28 Gold Mining
24:37 Bow Saw
26:33 Heavy Plow
31:54 Imperial Age
29:56 Husbandry
30:07 Bloodlines
30:11 Fortified Wall
30:12 Masonry
31:04 Gold Shaft Mining
31:18 Stone Shaft Mining
31:00 Caravan
32:52 Wheelbarrow
32:02 Town Watch
32:19 Murder Holes
32:45 Ballistics
32:46 Forging
32:37 Scale Mail Armor
33:00 Grand Trunk Road
33:21 Conscription
33:08 Squires
35:14 Iron Casting
34:54 Chain Mail Armor
35:02 Hand Cart
35:42 Heavy Camel Rider
35:45 Elite Ghulam
37:16 Siege Engineers
38:54 Two-Man Saw
39:06 Chemistry
41:23 Blast Furnace
42:17 Shatagni
42:09 Fletching
42:25 Scale Barding Armor
43:11 Arson
43:38 Bodkin Arrow
44:03 Chain Barding Armor
43:44 Padded Archer Armor
44:01 Imperial Camel Rider
44:44 Bracer
44:40 Guard Tower
44:57 Town Patrol
44:39 Light Cavalry
46:06 Hoardings
47:15 Plate Barding Armor
46:56 Leather Archer Armor
46:07 Hussar
Connection lost

Rejoining the realm…

Still unreachable

The connection could not be restored.

Session expired

The server has moved on; the page needs a fresh start.